 Dungeon Crawl Stone Soup version 0.28.0-62-gf88900778d (webtiles) character file.

Game seed: 4823299728231512563

199778 Coron the Severer (level 17, -2/174 HPs)
             Began as a Deep Dwarf Delver on Mar 28, 2023.
             Was a Priest of Elyvilon.
             Killed from afar by an ironbound frostheart (31 damage)
             ... by creeping frost
             ... led by a vault warden
             ... on level 2 of the Vaults.
             The game lasted 02:29:05 (35877 turns).

Coron the Severer (Deep Dwarf Delver)              Turns: 35877, Time: 02:29:06

Health: -2/174     AC: 36    Str: 36    XL:     17   Next: 85%
Magic:  25/25 (16) EV: 11    Int:  8    God:    Elyvilon [***...]
Gold:   1036       SH: 16    Dex: 17    Spells: 16/16 levels left

rFire   + . .      SeeInvis .   N - +12 war axe of the Original Sin {vorpal, Fragile rC- Str+8 Int+3}
rCold   x . .      Faith    +   v - +2 kite shield {rN+}
rNeg    + + +      Spirit   .   Z - +7 plate armour of the Untouchables {rElec rN+ MP+9}
rPois   +          Reflect  .   O - +2 helmet
rElec   +          Harm     .   Y - scarf {repulsion}
rCorr   .          Rampage  +   M - +0 pair of gloves {Dex+3}
Will    ++...                   w - +1 pair of boots "Emeyraf" {Rampage rF+ Int-5}
Stlth   ..........              W - amulet of Jyesmecu {Faith Str+3 Slay+4}
HPRegen 0.00/turn               C - +4 ring of protection
MPRegen 0.19/turn               j - ring of poison resistance

@: repel missiles
A: damage resistance, heal wounds, negative energy resistance 1, sense
surroundings 2, no regeneration
}: 1/15 runes: serpentine
a: Heal Wounds, Renounce Religion, Purification, Heal Other, Heal Self


You were on level 2 of the Vaults.
You worshipped Elyvilon.
Elyvilon was most pleased with you.
You visited 6 branches of the dungeon, and saw 30 of its levels.
You visited the Abyss 1 time.

You collected 3032 gold pieces.
You spent 1996 gold pieces at shops.

Inventory:

Hand Weapons
 s - a +1 broad axe of venom
 J - a +2 hand axe of flaming
 N - the +12 war axe of the Original Sin (weapon) {vorpal, Fragile rC- Str+8 Int+3}
   (You found it on level 8 of the Dungeon)

   It inflicts extra damage upon your enemies.
   Str:       It affects your strength (+8).
   Int:       It affects your intelligence (+3).
   rC:        It makes you vulnerable to cold.
   Fragile:   It will be destroyed if unequipped.
 S - a +3 battleaxe of freezing
Missiles
 b - 19 curare-tipped darts
 i - 29 poisoned darts (quivered)
 E - 6 atropa-tipped darts
 H - 4 boomerangs of dispersal
Armour
 k - a +1 pair of gloves of infusion
 q - a +0 cloak
 v - a +2 kite shield of positive energy (worn)
 w - the +1 pair of boots "Emeyraf" (worn) {Rampage rF+ Int-5}
   (You found it on level 14 of the Dungeon)

   Int:       It affects your intelligence (-5).
   rF:        It protects you from fire.
   Rampage:   It bestows one free step when moving towards enemies.
 M - a +0 pair of gloves of dexterity (worn)
 O - a +2 helmet (worn)
 Y - a scarf of repulsion (worn)
 Z - the +7 plate armour of the Untouchables (worn) {rElec rN+ MP+9}
   (You bought it in a shop on level 1 of the Vaults)

   rElec:     It insulates you from electricity.
   rN:        It protects you from negative energy.
   MP:        It affects your magic capacity (+9).
Jewellery
 e - a ring of willpower
 j - a ring of poison resistance (right hand)
 y - a ring of fire
 C - a +4 ring of protection (left hand)
 F - a ring of protection from cold
 L - the amulet of the Falcon {RegenMP rC++ Will+ rCorr Int-3}
   (You bought it in a shop on level 2 of the Orcish Mines)

   [amulet of magic regeneration]

   It increases your rate of magic regeneration.
   Int:       It affects your intelligence (-3).
   rC:        It greatly protects you from cold.
   rCorr:     It protects you from acid and corrosion.
   Will:      It increases your willpower.
 W - the amulet of Jyesmecu (around neck) {Faith Str+3 Slay+4}
   (You found it on level 1 of the Snake Pit)

   [amulet of faith]

   It allows you to gain divine favour quickly.
   Str:       It affects your strength (+3).
   Slay:      It affects your accuracy & damage with ranged weapons and melee
   (+4).
Wands
 g - a wand of digging (7)
 h - a wand of polymorph (11)
 m - a wand of iceblast (10)
 R - a wand of charming (8)
 T - a wand of flame (21)
 U - a wand of mindburst (1)
Scrolls
 a - 2 scrolls of brand weapon
 c - 4 scrolls of fog
 d - 6 scrolls of magic mapping
 n - 3 scrolls of summoning
 o - a scroll of holy word
 p - 16 scrolls of teleportation
 B - 2 scrolls of enchant weapon
 D - 5 scrolls of fear
 I - 4 scrolls of blinking
 K - a scroll of identify
 X - a scroll of silence
Potions
 f - 4 potions of haste
 l - a potion of ambrosia {unknown}
 r - 10 potions of curing
 t - 2 potions of might
 u - 4 potions of attraction
 x - 2 potions of cancellation
 z - 2 potions of invisibility
 Q - 4 potions of flight
 V - 3 potions of mutation
Miscellaneous
 A - a phantom mirror
 G - a lightning rod (4/4)
 P - a phial of floods


   Skills:
 + Level 16.5 Fighting
 - Level 18.0 Axes
 - Level 16.0 Armour
 - Level 6.0 Dodging
 - Level 6.3 Stealth
 - Level 15.0 Shields
 - Level 11.0 Invocations
 - Level 8.0 Evocations


You had 16 spell levels left.
You didn't know any spells.
Your spell library contained the following spells:

 Spells                   Type           Power      Damage    Failure   Level
 Animate Skeleton         Necr           0%         N/A       97%         1
 Pain                     Necr           0%         1d4       97%         1
 Sting                    Tmut/Pois      0%         1d3       97%         1
 Poisonous Vapours        Pois/Air       0%         N/A       99%         2
 Confusing Touch          Hex            0%         N/A       100%        3
 Frozen Ramparts          Ice            0%         1d2       100%        3
 Inner Flame              Hex/Fire       0%         N/A       100%        3
 Vampiric Draining        Necr           0%         2d6       100%        3
 Cause Fear               Hex            0%         N/A       100%        4
 Hailstorm                Conj/Ice       0%         3d3       100%        4
 Ice Form                 Ice/Tmut       0%         N/A       100%        4
 Olgreb's Toxic Radiance  Pois           0%         N/A       100%        4
 Summon Ice Beast         Ice/Summ       0%         N/A       100%        4
 Summon Forest            Summ/Tloc      0%         N/A       100%        5
 Summon Mana Viper        Hex/Summ       0%         N/A       100%        5
 Yara's Violent Unravell  Hex/Tmut       0%         3d3       100%        5
 Eringya's Noxious Bog    Tmut/Pois      0%         N/A       100%        6
 Simulacrum               Ice/Necr       0%         N/A       100%        6
 Dragon Form              Tmut           0%         N/A       100%        7
 Enfeeble                 Hex            0%         N/A       100%        7
 Monstrous Menagerie      Summ           0%         N/A       100%        7
 Summon Hydra             Summ           0%         N/A       100%        7
 Discord                  Hex            0%         N/A       100%        8
 Dragon's Call            Summ           0%         N/A       100%        9


Dungeon Overview and Level Annotations

Branches:
Dungeon (15/15)            Temple (1/1) D:5            Lair (6/6) D:11
  Snake (4/4) Lair:4        Slime (0/5) Lair:5          Orc (2/2) D:12
    Elf (0/3) Orc:2        Vaults (2/5) D:13         Depths (0/4) D:15
  Swamp: Lair:2-4    Shoals: Lair:2-4     Crypt: Vaults:2-3

Altars:
Ashenzari
Cheibriados
Dithmenos
Elyvilon
Fedhas
Gozag
Hepliaklqana
Kikubaaqudgha
Makhleb
Nemelex Xobeh
Okawaru
Qazlal
Ru
Sif Muna
Trog
Uskayaw
Vehumet
Wu Jian
Xom
Yredelemnul
Zin
The Shining One
Beogh
Jiyva

Shops:
D:4 =   D:13 ?   Orc:1 (   Orc:2 =*((   Snake:1 (?(*   Snake:2 ::   Snake:3 !
Vaults:1 [

Annotations:
D:14 1 runed translucent door
Lair:2 exclusion: 2 oklob plants
Lair:3 exclusions: 6 electric eels and 5 more exclusions
Lair:5 2 transporters
Lair:6 2 transporters, garrulousMonolith's ghost, journeyman GnFi
Snake:1 Mlioglotl
Snake:3 Roxanne
Snake:4 exclusions: naga sharpshooter and 2 more exclusions


Innate Abilities, Weirdness & Mutations

You are resistant to damage.
You can heal yourself by infusing magical energy.
You resist negative energy. (rN+)
You passively map the area around you.
You do not regenerate.


Message History

A wizard comes into view. It is wielding a +0 dagger.
Found 17 gold pieces.
The wizard shouts!
An ironbound convoker comes into view. It is wielding a +0 flail.
A red ugly thing comes into view.
The red ugly thing gurgles horribly!
You hear a shout! x3
You slash the wizard!
The wizard is moderately wounded.
You hear a shout! x2
A white ugly thing comes into view.
The wizard points at you and mumbles some strange words.
You resist with almost no effort.
You slice the wizard!!
You kill the wizard!
An orc comes into view. It is wielding a +0 glaive.
You slice the red ugly thing!!
The red ugly thing is heavily wounded.
The ironbound convoker begins to recite a word of recall!
The red ugly thing tail-slaps you but does no damage.
You slice the red ugly thing!!
You kill the red ugly thing!
You hear a shout!
You rampage towards the orc!
You slice the orc!!
You kill the orc!
You slash the white ugly thing! The white ugly thing tail-slaps you!
* * * LOW HITPOINT WARNING * * *
The white ugly thing freezes you!!!
You feel a terrible chill!
* * * LOW HITPOINT WARNING * * *
You slash the white ugly thing!
The white ugly thing is heavily wounded.
You feel much better.
The deep troll is recalled. x2
The ironbound convoker is recalled.
The deep troll is recalled. x2
The ironbound frostheart is recalled.
An ironbound convoker comes into view. It is wielding a +0 great mace.
The ironbound convoker gestures at the white ugly thing while chanting.
The white ugly thing seems to grow stronger.
An ironbound frostheart comes into view.
The ironbound frostheart calls freezing cold from the walls.
The frost grips you!!
You feel a painful chill!
You die...

..# , ..# * * * *
###### * , .....# , ,*
*, .....# ###'* *
.....# * ,+.# +, ,
.....# , *.#$#.# * ,
.....# ###+.#p#T# * *
.....# #....#@up#,,,,*
, '###############)#T#
*** * ***
..#..#....'......#pTT
,,
..#..#....##'#####+###
** #+#..#'#..#)... , *
'......'..###### *,* *
* #.#..#.#### ' *
..........# * ,
..........# ,* , , ,


You could see a white ugly thing (strong), an ironbound frostheart, 4 deep
trolls and an ironbound convoker.

Vanquished Creatures
  3 bone dragons (Abyss:3)
  An Executioner (Abyss:3)
  Frances (D:14)
  Agnes (D:15)
  A tentacled starspawn (Abyss:3)
  Kirke (Snake:2)
  A tengu reaver (Vaults:1)
  7 nagarajas
  4 vault wardens
  An orc warlord (Orc:2)
  An ironbound preserver (Vaults:2)
  5 ironbound thunderhulks
  Nessos (Orc:2)
  An entropy weaver (Vaults:2)
  A dire elephant (Vaults:1)
  3 yaktaur captains
  A great orb of eyes (Vaults:1)
  A rakshasa (Abyss:3)
  13 naga warriors
  6 vault guards
  4 salamander tyrants
  A boulder beetle (Vaults:2)
  A catoblepas (Lair:3)
  8 hydras
  An ogre mage (D:15)
  7 centaur warriors
  4 ironbound frosthearts
  Erolcha (D:11)
  A death knight (D:12)
  16 anacondas
  3 tengu warriors
  4 orc high priests (Orc:2)
  8 death yaks
  6 two-headed ogres
  5 naga sharpshooters
  A thrashing horror (Abyss:3)
  Urug (D:13)
  Sonja (D:12)
  2 hell knights (D:14)
  3 shock serpents
  The ghost of cbfl8 the Cleaver, a novice MiBe of Trog (D:10)
  4 salamander mystics
  5 skeletal warriors
  A flayed ghost (D:15)
  A phantasmal warrior (D:12)
  3 ironbound convokers
  5 naga ritualists
  3 necromancers
  2 lindwurms (Vaults:2)
  2 orc knights
  6 wizards
  5 deep elf pyromancers
  27 ugly things
  13 mana vipers
  3 orc sorcerers
  7 cyclopes
  A stone giant zombie (D:15)
  12 salamanders
  2 worldbinders (Abyss:3)
  An apocalypse crab (Abyss:3)
  2 manticores
  An elephant (Lair:2)
  Maurice (Orc:1)
  A rust devil (D:14)
  An orange demon (Abyss:3)
  12 guardian serpents
  33 black mambas
  2 vault sentinels (Vaults:1)
  15 naga magi
  A rime drake (Lair:4)
  Maggie (D:10)
  10 cane toads
  A smoke demon (Abyss:3)
  3 unseen horrors
  A gargoyle (D:13)
  3 freezing wraiths
  10 komodo dragons
  13 yaktaurs
  3 efreet
  A tengu conjurer (D:13)
  3 ancient zymes (Abyss:3)
  7 trolls
  2 polar bears
  Grinder (D:4)
  4 blink frogs (Lair:3)
  A tarantella (Vaults:2)
  2 spriggan zombies (D:15)
  2 large abominations (Abyss:3)
  17 slime creatures
  7 raiju (Abyss:3)
  Sigmund (D:3)
  3 wraiths
  3 shadows
  A ynoxinul (Abyss:3)
  2 vampires
  4 wyverns
  77 yaks
  5 basilisks
  5 vampire mosquitoes
  2 steam dragons
  5 golden eyes (Abyss:3)
  4 hogs (Snake:2)
  2 redbacks (Vaults:2)
  34 nagas
  A human zombie (D:15)
  3 acid dragons
  6 wargs
  6 hell hounds (D:14)
  10 water moccasins
  An ice beast (D:4)
  A swamp drake (shapeshifter) (D:13)
  27 orc warriors
  3 sky beasts
  6 ogres
  7 wolves
  4 phantoms
  9 centaurs
  2 small abominations (Abyss:3)
  6 bullfrogs
  2 gnoll sergeants
  7 scorpions
  A water moccasin zombie (D:5)
  3 troll zombies (D:12)
  A wyvern skeleton (D:5)
  5 wights (D:9)
  An electric eel (Lair:1)
  2 howler monkeys
  2 bullfrog zombies (D:6)
  4 centaur zombies
  A bullfrog skeleton (D:6)
  3 hounds
  4 jellies
  3 gnoll shamans
  28 orc priests
  5 centaur skeletons
  5 iguanas
  31 orc wizards
  2 killer bee zombies
  3 ogre zombies (D:12)
  A howler monkey zombie (D:9)
  18 gnolls
  2 howler monkey skeletons (D:7)
  6 adders
  2 shadow imps (D:6)
  3 white imps
  2 ufetubi
  An adder skeleton (D:5)
  2 worms
  2 dart slugs
  75 orcs
  4 endoplasms
  A giant cockroach (D:1)
  5 goblins
  7 hobgoblins
  9 jackals
  2 quokkas
  6 ball pythons
  3 bats
  4 frilled lizards
  A goblin zombie (D:12)
  3 hobgoblin zombies (D:12)
  7 kobolds
  3 orc skeletons (D:12)
  12 orc zombies (D:12)
  11 rats
  2 starspawn tentacles (Abyss:3)
944 creatures vanquished.

Vanquished Creatures (collateral kills)
  Rupert (Orc:2)
1 creature vanquished.

Vanquished Creatures (others)
  A wizard (Vaults:2)
  A deep elf pyromancer (D:14)
  20 fungi
  14 plants
  A starspawn tentacle (Abyss:3)
  10 withered plants (D:15)
47 creatures vanquished.

Grand Total: 992 creatures vanquished

Notes
Turn   | Place    | Note
-------+----------+-------------------------------------------
     0 | D:5      | Coron the Deep Dwarf Delver began the quest for the Orb.
     0 | D:5      | Reached XP level 1. HP: 20/20 MP: 1/1
    17 | D:5      | Noticed an iguana
    17 | D:5      | Noticed a scorpion
    20 | D:5      | Noticed a jelly
    29 | D:4      | Found a sacrificial altar of Ru.
    45 | D:4      | Noticed a scorpion
   126 | D:4      | Found Xitaoj's Jewellery Shoppe.
   176 | D:4      | Found a white marble altar of Elyvilon.
   181 | D:4      | Became a worshipper of Elyvilon the Healer
   185 | D:4      | Noticed Grinder
   264 | D:4      | Noticed a hound
   318 | D:4      | Noticed an orc priest
   350 | D:3      | Reached XP level 2. HP: 20/27 MP: 2/2
   641 | D:1      | Reached * piety under Elyvilon
   676 | D:1      | Found a faded altar of an unknown god.
   716 | D:1      | Reached XP level 3. HP: 34/34 MP: 3/3
  1318 | D:2      | Reached skill level 1 in Invocations
  1356 | D:2      | Found a shadowy altar of Dithmenos.
  1391 | D:2      | Reached skill level 3 in Axes
  1391 | D:2      | Reached skill level 1 in Armour
  1391 | D:2      | Reached XP level 4. HP: 34/42 MP: 3/5
  2036 | D:3      | Noticed Sigmund
  2177 | D:3      | Reached ** piety under Elyvilon
  2335 | D:4      | Reached XP level 5. HP: 25/49 MP: 7/7
  2753 | D:4      | Reached skill level 1 in Shields
  2872 | D:4      | Killed Grinder
  2873 | D:4      | Reached skill level 5 in Armour
  2873 | D:4      | Reached XP level 6. HP: 33/56 MP: 5/5
  3014 | D:5      | Noticed an ice beast
  3022 | D:5      | Reached XP level 7. HP: 23/62 MP: 6/6
  3023 | D:5      | Reached skill level 4 in Axes
  3049 | D:5      | Found a blossoming altar of Fedhas.
  3151 | D:5      | Found a shimmering blue altar of Sif Muna.
  3498 | D:5      | Reached skill level 5 in Invocations
  3880 | D:5      | Reached skill level 5 in Axes
  3989 | D:5      | Reached XP level 8. HP: 9/72 MP: 6/6
  4052 | D:5      | Found a staircase to the Ecumenical Temple.
  4061 | Temple   | Entered the Ecumenical Temple
  4820 | D:6      | Reached skill level 6 in Axes
  4827 | D:6      | Reached *** piety under Elyvilon
  5321 | D:6      | Noticed a troll
  5359 | D:6      | Reached skill level 5 in Shields
  5432 | D:6      | Killed a troll
  5433 | D:6      | Reached skill level 5 in Fighting
  5433 | D:6      | Gained mutation: You passively map the area around you.
                  | [Deep Dwarf growth]
  5433 | D:6      | Reached XP level 9. HP: 14/81 MP: 5/7
  5504 | D:6      | Reached skill level 7 in Axes
  5648 | D:6      | Noticed a red ugly thing
  5868 | D:7      | Found a transporter.
  5868 | D:7      | Found a transporter.
  5874 | D:7      | Noticed an orc knight
  6048 | D:7      | Found a shadowy altar of Dithmenos.
  6147 | D:7      | Reached skill level 8 in Axes
  6479 | D:7      | Identified the +0 chain mail of Wulutrou {Will+ Str+3
                  | Slay-3}
  6825 | D:7      | Reached XP level 10. HP: 17/91 MP: 7/7
  7101 | D:8      | Reached skill level 9 in Axes
  7409 | D:8      | Reached skill level 10 in Armour
  7411 | D:8      | HP: 2/94 [yak (6)]
  7462 | D:8      | Identified the +12 war axe of the Original Sin {vorpal,
                  | Fragile rC- Str+8 Int+3}
  7649 | D:8      | Reached skill level 10 in Axes
  8416 | D:9      | Reached **** piety under Elyvilon
  8669 | D:9      | Noticed a boulder beetle
  8685 | D:9      | Noticed a tengu warrior
  8685 | D:9      | Noticed a two-headed ogre
  8695 | D:9      | Reached XP level 11. HP: 63/103 MP: 9/9
  8717 | D:9      | Noticed a wizard
  8717 | D:9      | Noticed a deep elf pyromancer
  8718 | D:9      | Noticed a skeletal warrior
  8718 | D:9      | Noticed a six-headed hydra
  9063 | D:3      | Killed Sigmund
  9251 | D:10     | Entered Level 10 of the Dungeon
  9475 | D:10     | Found an iron altar of Okawaru.
  9475 | D:10     | Noticed Maggie
  9491 | D:10     | Killed Maggie
  9686 | D:10     | Found a runed translucent gate.
  9686 | D:10     | Found a runed translucent gate.
  9689 | D:10     | Found a runed translucent gate.
  9692 | D:10     | Noticed cbfl8's ghost (novice MiBe)
  9889 | D:11     | Noticed Erolcha
  9908 | D:11     | Killed Erolcha
  9926 | D:11     | Noticed a two-headed ogre
  9938 | D:11     | Killed a two-headed ogre
  9939 | D:11     | Reached skill level 11 in Axes
  9952 | D:11     | Noticed a two-headed ogre
 10347 | D:11     | Found a staircase to the Lair.
 10698 | D:11     | Killed a two-headed ogre
 10735 | D:11     | Reached skill level 12 in Axes
 11178 | D:12     | Reached skill level 10 in Fighting
 11178 | D:12     | Reached XP level 12. HP: 27/116 MP: 11/11
 11182 | D:12     | Noticed a death knight
 11209 | D:12     | Killed a death knight
 11524 | D:12     | Noticed Sonja
 11530 | D:12     | Killed Sonja
 11531 | D:12     | Reached skill level 13 in Axes
 11603 | D:12     | Found a staircase to the Orcish Mines.
 12085 | Orc:1    | Entered Level 1 of the Orcish Mines
 12150 | Orc:1    | Noticed Maurice
 12156 | Orc:1    | Killed Maurice
 12166 | Orc:1    | Reached skill level 14 in Axes
 12500 | Orc:1    | Found Deeplaexo's Weapon Emporium.
 12613 | Orc:2    | Entered Level 2 of the Orcish Mines
 12613 | Orc:2    | Found a staircase to the Elven Halls.
 12613 | Orc:2    | Reached ***** piety under Elyvilon
 12622 | Orc:2    | Noticed Nessos
 12635 | Orc:2    | Killed Nessos
 12703 | Orc:2    | HP: 3/118 [orc warrior/+0 battleaxe[an orc knight] (21)]
 13111 | Orc:2    | Noticed an orc warlord
 13187 | Orc:2    | Paralysed by an orc sorcerer for 7 turns
 13329 | Lair:1   | Entered Level 1 of the Lair of Beasts
 13422 | Lair:1   | Reached skill level 1 in Evocations
 13579 | Lair:1   | Noticed a seven-headed hydra
 13605 | Lair:1   | Killed a 12-headed hydra
 13662 | Lair:1   | Reached XP level 13. HP: 80/127 MP: 12/12
 14686 | Lair:2   | Reached skill level 15 in Axes
 15349 | Orc:2    | Killed an orc warlord
 15830 | Orc:2    | Found Wodeusape's Antique Weapon Shop.
 15830 | Orc:2    | Found Buocown's Jewellery Boutique.
 15830 | Orc:2    | Found Zeimnumo's General Store.
 15836 | Orc:2    | Found Batyesam's Weapon Shop.
 15843 | Orc:2    | Reached skill level 16 in Axes
 15860 | Orc:2    | Noticed Rupert
 15879 | Orc:2    | Paralysed by Rupert for 4 turns
 15889 | Orc:2    | Killed Rupert
 16474 | Lair:3   | Gained mutation: You resist negative energy. (rN+) [Deep
                  | Dwarf growth]
 16474 | Lair:3   | Reached XP level 14. HP: 85/138 MP: 13/13
 17916 | Lair:4   | Reached skill level 5 in Evocations
 18078 | Lair:4   | Found a staircase to the Snake Pit.
 18861 | Lair:5   | Found a staircase to the Slime Pits.
 18861 | Lair:5   | Found a viscous altar of Jiyva.
 19232 | Lair:5   | Found a transporter.
 19476 | Lair:5   | Identified the +0 leather armour "Niapnor" {rElec Dex+6}
 19563 | Lair:5   | Found a transporter.
 19911 | Lair:6   | Entered Level 6 of the Lair of Beasts
 19911 | Lair:6   | Noticed garrulousMonolith's ghost (journeyman GnFi)
 19911 | Lair:6   | Found a transporter.
 19911 | Lair:6   | Found a transporter.
 19923 | Lair:6   | Reached skill level 5 in Dodging
 21511 | D:10     | Killed cbfl8's ghost
 21652 | Orc:2    | Bought the amulet of the Falcon {RegenMP rC++ Will+ rCorr
                  | Int-3} for 831 gold pieces
 21754 | D:13     | Found Caheby's Magic Scroll Emporium.
 21764 | D:13     | Bought a scroll of blinking for 97 gold pieces
 21764 | D:13     | Bought a scroll of teleportation for 39 gold pieces
 21838 | D:13     | Reached skill level 10 in Invocations
 22091 | D:13     | Noticed Urug
 22103 | D:13     | Killed Urug
 22673 | D:13     | Found a gate to the Vaults.
 23169 | D:13     | Elyvilon protects you from harm!
 23171 | D:13     | Reached XP level 15. HP: 13/151 MP: 2/15
 23322 | D:15     | Entered Level 15 of the Dungeon
 23557 | D:14     | Found a runed translucent door.
 23856 | D:14     | Reached skill level 15 in Armour
 24007 | D:14     | Identified the +1 pair of boots "Emeyraf" {Rampage rF+
                  | Int-5}
 24268 | D:14     | Noticed Frances
 24282 | D:14     | Killed Frances
 24921 | Snake:1  | Entered Level 1 of the Snake Pit
 25215 | Snake:1  | Found Cuajevvy's Weapon Shoppe.
 25595 | Snake:1  | Found Ebrymnuf's Magic Scroll Boutique.
 25598 | Snake:1  | Found Syocwat's Weapon Boutique.
 25603 | Snake:1  | Bought a scroll of blinking for 105 gold pieces
 25603 | Snake:1  | Bought a scroll of teleportation for 42 gold pieces
 25603 | Snake:1  | Bought a scroll of teleportation for 42 gold pieces
 25966 | Snake:1  | Reached skill level 15 in Fighting
 26446 | Snake:1  | Identified the amulet of Jyesmecu {Faith Str+3 Slay+4}
 26588 | Snake:1  | Found Nalem's Assorted Antiques.
 26601 | Snake:1  | Noticed Mlioglotl
 26603 | Snake:1  | Noticed a lich
 26605 | Snake:1  | Noticed a tentacled starspawn
 27252 | Snake:2  | Found Xuesmis's Book Shoppe.
 27252 | Snake:2  | Found Ofiatoit's Jewellery Boutique.
 27254 | Snake:2  | Found Fiatekh's Book Shoppe.
 27303 | Snake:2  | Noticed Kirke
 27315 | Snake:2  | Killed Kirke
 27545 | Snake:2  | Noticed a nagaraja
 27558 | Snake:2  | Killed a nagaraja
 27624 | Snake:2  | Identified the +0 leather armour of Yqocesets {Str+4
                  | Stlth+}
 28230 | Snake:3  | Identified Roxanne's Handbook of Transmigration
 28230 | Snake:3  | Noticed Roxanne
 28239 | Snake:2  | Reached XP level 16. HP: 122/163 MP: 0/17
 28564 | Snake:3  | Found Paimu's Distillery.
 29867 | Snake:4  | Entered Level 4 of the Snake Pit
 30322 | Snake:4  | Reached skill level 17 in Axes
 31373 | Snake:4  | Reached skill level 18 in Axes
 31894 | D:15     | Found a staircase to the Depths.
 31989 | D:15     | HP: 5/165 [large slime creature (4)]
 32000 | D:15     | Reached skill level 10 in Shields
 32170 | D:15     | Noticed Agnes
 32180 | D:15     | Killed Agnes
 32181 | D:15     | Reached XP level 17. HP: 90/172 MP: 10/18
 33351 | Snake:4  | Got a serpentine rune of Zot
 33618 | Vaults:1 | Entered Level 1 of the Vaults
 34054 | Vaults:1 | Found the +12 glaive of Prune {vorpal}
 34596 | Vaults:1 | Cast into level 3 of the Abyss (vault warden)
 34635 | Abyss:3  | Noticed a bone dragon
 34649 | Abyss:3  | Killed a bone dragon
 34709 | Abyss:3  | Paralysed by you for 4 turns
 34778 | Abyss:3  | Noticed a bone dragon
 34795 | Abyss:3  | Killed a bone dragon
 34803 | Abyss:3  | Noticed a bone dragon
 34829 | Abyss:3  | Killed a bone dragon
 34836 | Vaults:1 | Escaped the Abyss
 35039 | Vaults:1 | Found Hevug's Antique Armour Shoppe.
 35047 | Vaults:1 | Bought a shimmering plate armour for 840 gold pieces
 35047 | Vaults:1 | Identified the +7 plate armour of the Untouchables {rElec
                  | rN+ MP+9} (You bought it in a shop on level 1 of the
                  | Vaults)
 35697 | Vaults:2 | Reached skill level 15 in Shields
 35875 | Vaults:2 | HP: 8/174 [white ugly thing[a wizard] (34)]
 35877 | Vaults:2 | Killed from afar by an ironbound frostheart

Illustrated notes

Levels and vault maps discovered:
D:1:      sevenhm_arrival_forest_fort_large_4, layout_basic,
          ebering_ecumenical_altar_webs, minivault_4, corexii_leaking_fountain
D:2:      layout_loops_ring, basic_altar, minmay_pentomino_t2
D:3:      layout_rooms, uniq_sigmund
D:4:      layout_layer_cave, mainiacjoe_overflow_boulevard,
          nicolae_ru_awakened_eye, wad_floor_pattern_untrapped,
          minmay_shop_enchanted_jewellery, uniq_grinder
D:5:      layout_rooms, kennysheep_mini, fedhas_altar_3,
          minmay_temple_entry_overgrown
D:6:      minmay_clustersquares, layout_basic
D:7:      gammafunk_beogh_shrine, layout_gridville, amcnicky_altar_gilded,
          minmay_fractal_squares_5
D:8:      layout_loops_corners
D:9:      layout_layer_cave, minivault_12
D:10:     layout_basic, okawaru_ov_weapons_minmay, gammafunk_ghost_spectres,
          uniq_maggie
D:11:     layout_loops_cross, erik_lair_orcish_takeover, uniq_erolcha
D:12:     layout_layer_cave, zombieorc1_lemuel, uniq_sonja
D:13:     minmay_connected_triangles_in_corner, layout_cave_pools,
          lightli_vaults_fourway_checkpoint, serial_shops,
          nicolae_lakefront_shop, minivault_25, uniq_urug
D:14:     mludivico_vault, layout_cave_pools, grunt_decor_cap,
          kennysheep_small_circle, uniq_frances
D:15:     gammafunk_depths_entry_grave, layout_basic, glass_columns_a,
          uniq_agnes
Temple:   eino_temple_rhombus
Lair:1:   layout_cave_pods, fungi_pond_lemuel, grunt_megastairs_5
Lair:2:   minmay_lair_oklob_tunnel, layout_regular_city, st_stairs_3
Lair:3:   layout_chaotic_city, minmay_swamp_entry_eels, grunt_megastairs_3
Lair:4:   layout_cave_pods, minmay_snake_entry_guardpost_small
Lair:5:   gammafunk_cloud_chamber, layout_hall_layers, slime_altar_1,
          lemuel_fruit_tree
Lair:6:   minmay_lair_end_enchanted_forest, layout_gridlike,
          gammafunk_ghost_hive
Snake:1:  nrook_guardian_serpent_snake_passage, layout_grid_maze, serial_shops,
          shop, nicolae_shop_bloodbath_and_beyond, nicolae_shop_crystal,
          nicolae_shop_statue_plus, uniq_mlioglotl
Snake:2:  layout_chambers, grunt_megastairs_2, minmay_shop_grove, uniq_kirke
Snake:3:  layout_basic, minmay_shop_star, uniq_roxanne
Snake:4:  grunt_snake_rune_serpentine_throne, layout_basic
Orc:1:    layout_diamond_mine, basic_altar, serial_shops,
          nicolae_shop_advertising_works [nicolae_subvault_shop_adworks],
          lightli_orcish_oven, uniq_maurice
Orc:2:    st_orc_mages, layout_diamond_mine, uniq_nessos, uniq_rupert
Vaults:1: ontoclasm_vaults_ring_large, st_smaller_cells,
          nicolae_vaults_little_squares_4, v_misc_22, vaults_room_hallway,
          v_alt_pattern_6, nicolae_vaults_little_squares_2,
          layout_vaults_omnigrid, serial_shops, shop
Vaults:2: mu_enter_wizlab_2, vaults_standard_mumra_x, nicolae_vaults_big_ls,
          special_room_vaults [special_room_orc], grunt_vaults_diagonal,
          v_misc_25, ontoclasm_vaults_chip, vaults_mumra_hex,
          vaults_room_fancy_cross, ontoclasm_vaults_fault,
          vaults_room_ringed_pool, vaults_dpeg_hooks,
          nicolae_vaults_angled_halls, ontoclasm_vaults_spin,
          hangedman_vaults_trim, vaults_room_octagon, layout_vaults_maze_bifur

Skill      XL: |  1  2  3  4  5  6  7  8  9 10 11 12 13 14 15 16 17 |
---------------+----------------------------------------------------+-----
Fighting       | 3 5 6 8 10 11 12 14 15 16 | 16.5
Invocations    | 2 3 5 6 7 8 10 11 | 11.0
Dodging        | 3 5 6 |  6.0
Axes           | 3 5 6 8 10 12 14 16 18 | 18.0
Armour         | 1 2 5 6 7 9 10 11 12 13 14 16 | 16.0
Shields        | 3 5 6 7 10 15 | 15.0
Evocations     | 3 4 6 8 |  8.0
Stealth        | |  6.3

Action                   |  1- 3 |  4- 6 |  7- 9 | 10-12 | 13-15 | 16-18 || total
-------------------------+-------+-------+-------+-------+-------+-------++-------
Melee: Hand axe          |   120 |   156 |   132 |       |       |       ||   408
       Punch             |     2 |       |       |       |       |       ||     2
       War axe           |       |       |   369 |   654 |   958 |   720 ||  2701
Throw: Dart              |     4 |     8 |    16 |    16 |     8 |       ||    52
Invok: Heal Self         |       |       |     6 |    35 |    61 |    30 ||   132
       Divine Vigour     |       |       |       |       |     1 |       ||     1
 Abil: Heal Wounds       |     1 |     8 |    11 |     4 |       |    18 ||    42
Evoke: Wand              |       |       |       |     8 |    21 |     1 ||    30
       Phantom mirror    |       |       |       |       |     1 |       ||     1
  Use: Scroll            |     3 |     1 |     3 |     8 |    10 |     2 ||    27
       Potion            |     1 |       |     6 |     1 |     3 |     2 ||    13
 Stab: Sleeping          |     9 |     2 |       |       |       |       ||    11
       Paralysed         |       |       |       |     5 |    15 |       ||    20
       Invisible         |       |       |       |       |       |     1 ||     1
Armor: Leather armour    |    39 |     2 |       |       |       |       ||    41
       Ring mail         |       |    57 |    79 |       |       |       ||   136
       Skin              |       |       |     7 |       |       |       ||     7
       Chain mail        |       |       |   244 |   308 |   357 |   230 ||  1139
       Plate armour      |       |       |       |       |       |    34 ||    34
Dodge: Dodged            |    59 |   119 |   285 |   210 |   298 |   211 ||  1182
       Repelled          |       |       |       |     3 |    13 |    26 ||    42
Block: Buckler           |       |    20 |   162 |   136 |   153 |    42 ||   513
       Kite shield       |       |       |       |       |       |   250 ||   250
